AoeStats
← [SAPR] Janstonbeats

Arabia

509824458Analyzed
2v2 RM · 3d ago on Sep 28, 2026· 40m 51s· 4 players
Game mode
Random Map
Map size
Medium (4 player)
Population
200
Speed
Normal
Resources
Standard
Victory
Conquest
Starting age
Dark Age
Ending age
Imperial Age
RankedLock teamsTeams togetherTeam positionsShared explorationLock speedFull tech treeHidden civsTurbo modeCheats
Victory
Defeat
🇲🇽 Slavs · Mexico
1171
+13
🇲🇽 Britons · Mexico
1171
+13
🇫🇷 Ethiopians · France
1112
-14
1084
-12
alexisvaldezgervacio8
7:09 Loom
9:34 Feudal Age
12:29 Bloodlines
16:35 Double-Bit Axe
22:56 Castle Age
22:53 Wheelbarrow
23:01 Elite Skirmisher
24:43 Fletching
24:54 Padded Archer Armor
29:20 Scale Mail Armor
32:50 Forging
35:44 Chain Mail Armor
[SAPR] Janstonbeats
6:19 Loom
7:02 Loom
9:39 Feudal Age
10:33 Double-Bit Axe
13:09 Horse Collar
15:17 Fletching
19:33 Scale Barding Armor
19:30 Padded Archer Armor
22:58 Castle Age
23:08 Crossbowman
23:50 Bodkin Arrow
24:53 Bow Saw
26:15 Ballistics
26:50 Leather Archer Armor
28:33 Heavy Plow
31:01 Thumb Ring
39:52 Imperial Age
39:13 Wheelbarrow
39:23 Husbandry
39:43 Scale Barding Armor
39:57 Forging
39:46 Light Cavalry
40:36 Hussar
DiCarrera
6:12 Loom
9:18 Feudal Age
10:28 Man-at-Arms
14:19 Double-Bit Axe
20:21 Castle Age
19:55 Gold Mining
19:48 Horse Collar
21:40 Husbandry
21:50 Bloodlines
23:56 Scale Barding Armor
24:37 Forging
26:00 Stone Mining
26:46 Gold Shaft Mining
33:26 Chain Barding Armor
34:13 Iron Casting
34:38 Town Watch
35:28 Wheelbarrow
36:02 Fletching
39:12 Imperial Age
38:33 Heavy Plow
Casko
6:04 Loom
10:27 Feudal Age
11:01 Double-Bit Axe
13:49 Fletching
17:20 Padded Archer Armor
19:25 Wheelbarrow
23:34 Castle Age
22:21 Gold Mining
23:44 Crossbowman
24:21 Bodkin Arrow
26:04 Leather Archer Armor
26:51 Gold Shaft Mining
26:45 Bow Saw
31:09 Hand Cart
34:30 Town Watch
34:41 Stone Mining
37:32 Imperial Age
36:01 Ballistics
37:45 Arbalester
38:36 Bracer
39:43 Ring Archer Armor
40:42 Two-Man Saw
39:26 Horse Collar
Connection lost

Rejoining the realm…

Still unreachable

The connection could not be restored.

Session expired

The server has moved on; the page needs a fresh start.